cohdb
Replays
Latest Replays
All Replays
Popular Replays
Top Player Replays
Match Explorer
How It Works
Community
CoH3 Stats
Reddit
Sign in to upload your games and track your stats! →
Sign in with Steam
Match 21561797
Unlisted
Match 21561797
Overview
Messages
Build Orders
End
Kradschützen Motorcycle Team
250 Light Carrier
Selects Italian Combined Arms Battlegroup
Panzergrenadier Squad
Construct Light Support Kompanie
Combat Half-tracks
Fire Support Elements
Selects Bersaglieri Squad
Selects Vehicle Support - Secure Location
Assault Grenadier Squad
Selects Vehicle Support - Force Recon
Flakvierling Half-track
Assault Mechanized Group
Vehicle Survival Package
Pak 38 Anti-tank Gun Team
Construct Panzerarmee Kommand
Assault Mechanized Group
Panzer III L Medium Tank
Selects Semovente da 75/18 Assault Gun
Selects Strafing Run
Bames Nond HavingAStronk
TidaL
0
0
Comments
sign in to comment!
No comments posted yet!